 Dungeon Crawl Stone Soup version 0.26.0-7-g794d0892b4 (webtiles) character file.

Game seed: 6258619438646908661

9604 jackrogers the Brawler (level 11, -3/90 HPs)
             Began as a Troll Hunter on Jan 12, 2021.
             Was a Priest of Hepliaklqana.
             Slain by a six-headed hydra (10 damage)
             ... on level 2 of the Lair of Beasts.
             The game lasted 00:20:02 (8761 turns).

jackrogers the Brawler (Troll Hunter)               Turns: 8761, Time: 00:20:02

Health: -3/90      AC:  9    Str: 25    XL:     11   Next: 25%
Magic:  10/10      EV: 10    Int: 14    God:    Hepliaklqana [***...]
Gold:   745        SH:  0    Dex: 10    Spells: 10/10 levels left

rFire    . . .     SeeInvis .   K - +1 war axe (flame)
rCold    . . .     Faith    .   (no shield)
rNeg     + . .     Spirit   .   b - +0 robe
rPois    .         Reflect  .   (helmet restricted)
rElec    .         Harm     .   A - +2 cloak
rCorr    .         Rampage  .   (gloves unavailable)
Will     +....                  (boots unavailable)
Stlth    +.........             n - amulet of regeneration {+regen, !d}
HPRegen  1.05/turn              E - ring "Raib" {rN+ Will+ Int+7}
MPRegen  0.12/turn              G - +4 ring of slaying

@: confused
A: large, unfitting armour, reduced essence, claws 3, regeneration 1, shaggy fur
1, tough skin 3
a: Renounce Religion, Recall Ancestor, Ancestor Identity, Transference


You were on level 2 of the Lair of Beasts.
You worshipped Hepliaklqana.
Hepliaklqana was most pleased with you.
You visited 3 branches of the dungeon, and saw 14 of its levels.
You also visited: Sewer.

You collected 745 gold pieces.

Inventory:

Hand Weapons
 K - a +1 war axe of flaming (weapon)
   (You took it off an orc priest on level 4 of the Dungeon)
Missiles
 c - 18 large rocks {!d}
 d - 3 throwing nets {=f, !d}
 k - 242 stones (quivered)
 w - 5 silver javelins
 D - 29 poisoned darts
Armour
 b - a +0 robe (worn)
 g - a +0 kite shield
   (You found it on level 8 of the Dungeon)
 h - a scarf of repulsion
   (You found it on level 1 of the Dungeon)
 A - a +2 cloak (worn)
   (You found it on level 3 of the Dungeon)
 M - a +1 tower shield
   (You found it on level 5 of the Dungeon)
 P - a +1 robe of willpower
   (You took it off Sigmund on level 5 of the Dungeon)
Jewellery
 n - an amulet of regeneration (around neck) {+regen, !d}
   (You found it on level 1 of the Dungeon)
 E - the ring "Raib" (left claw) {rN+ Will+ Int+7}
   (You found it on level 6 of the Dungeon)

   [ring of positive energy]

   It affects your intelligence (+7).
   It protects you from negative energy.
   It affects your willpower, your defense against some magical effects.
 G - a +4 ring of slaying (right claw)
   (You found it on level 4 of the Dungeon)
 R - an uncursed amulet of the acrobat
   (You took it off a centaur on level 5 of the Dungeon)
 T - an uncursed ring of stealth {unknown}
   (You found it on level 7 of the Dungeon)
 U - the ring "Vuinikoi" {rC+ Int+6 Stlth+, unknown}
   (You found it on level 7 of the Dungeon)

   [ring of intelligence]

   It affects your intelligence (+6).
   It protects you from cold.
   It makes you more stealthy.
 V - a cursed ring of attention {unknown}
   (You found it on level 7 of the Dungeon)
Wands
 e - a wand of digging (5)
   (You took it off an orc on level 8 of the Dungeon)
 t - a wand of acid (15)
   (You found it on level 4 of the Dungeon)
 y - a wand of paralysis (8)
   (You found it on level 8 of the Dungeon)
 C - a wand of polymorph (4)
   (You took it off Grinder on level 3 of the Dungeon)
 W - a wand of random effects (16)
   (You found it on level 7 of the Dungeon)
 Y - a wand of flame (17)
   (You found it on level 8 of the Dungeon)
Scrolls
 a - a scroll of identify
 i - a scroll of enchant armour
 H - 7 scrolls of teleportation
 L - a scroll of amnesia
 Z - a scroll of remove curse
Potions
 j - 3 potions of attraction {unknown}
 o - 6 potions of curing
 p - a potion of berserk rage {unknown}
 s - 2 potions of lignification {!q}
 B - 2 potions of mutation {!q}
 I - a potion of magic
 J - a potion of degeneration {unknown}
 N - a potion of brilliance
 Q - a potion of might {unknown}
 S - 4 potions of flight


   Skills:
 + Level 4.2 Fighting
 - Level 3.6 Throwing
 - Level 1.5 Dodging
 - Level 0.3 Stealth
 + Level 3.7 Shields
 * Level 15.4 Unarmed Combat


You had 10 spell levels left.
You didn't know any spells.
Your spell library contained the following spells:

 Spells                   Type           Power        Failure   Level
 Summon Lightning Spire   Summ/Air       0%           96%         4
 Silence                  Hex/Air        0%           100%        5
 Conjure Ball Lightning   Conj/Air       0%           100%        6
 Tornado                  Air            0%           100%        9


Dungeon Overview and Level Annotations

Branches:
Dungeon (10/15)            Temple (1/1) D:6            Lair (3/6) D:8
  Sewer (visited)
  Swamp: Lair:2-4    Shoals: Lair:2-4     Snake: Lair:2-4    Spider: Lair:2-4
    Orc: D:9-12

Altars:
Ashenzari
Cheibriados
Dithmenos
Elyvilon
Gozag
Hepliaklqana
Kikubaaqudgha
Makhleb
Nemelex Xobeh
Qazlal
Ru
Sif Muna
Trog
Uskayaw
Vehumet
Wu Jian
Xom
Yredelemnul
Zin
The Shining One
Lugonu

Shops:
D:4 }***   D:7 :}((

Annotations:
D:5 exclusion: jelly
Lair:1 exclusion: hydra


Innate Abilities, Weirdness & Mutations

You are too large for most types of armour.
You have claws for hands.
Your natural rate of healing is unusually fast.
You are covered in fur. (AC +1)
You have extremely tough skin. (AC +3)
Your life essence is reduced to manifest your ancestor. (-10% HP)


Message History

Done waiting.
Okay, then.
You can't go down here!
You climb upwards.
You hear a distant snort.
Hark!
There is a gateway to a gauntlet on this level.
Find the entrance quickly before the gate is sealed!
You hear the thunderous beating of a very distant drum.
There is a stone staircase leading down here.
Spoiler Alert: The nine-headed hydra (drained) can hit for high damage in melee!
Unknown command.
Spoiler Alert: The nine-headed hydra (drained) can hit for high damage in melee!
Spoiler Alert: The nine-headed hydra (drained) can hit for high damage in melee!
Spoiler Alert: The nine-headed hydra (drained) can hit for high damage in melee!
You slice one of the nine-headed hydra's heads off!
The flame cauterises the wound!
You slash the eight-headed hydra! You burn the eight-headed hydra.
The eight-headed hydra bites you!
The eight-headed hydra bites you but does no damage. x2
The eight-headed hydra closely misses you.
The eight-headed hydra bites you but does no damage.
The eight-headed hydra bites you!
The eight-headed hydra barely misses you.
The eight-headed hydra closely misses you.
Daniel Ducassi hits the eight-headed hydra with a +0 dagger of draining.
The eight-headed hydra bites you but does no damage.
The eight-headed hydra bites you! x2
The eight-headed hydra bites you but does no damage.
The eight-headed hydra barely misses you.
The eight-headed hydra bites you!
The eight-headed hydra bites you but does no damage.
The eight-headed hydra bites you.
Spoiler Alert: The eight-headed hydra (drained) can hit for high damage in melee!
Unknown command.
Spoiler Alert: The eight-headed hydra (drained) can hit for high damage in melee!
You hack one of the eight-headed hydra's heads off!
The flame cauterises the wound!
You hit the seven-headed hydra. You burn the seven-headed hydra.
Daniel Ducassi hits the seven-headed hydra with a +0 dagger of draining.
The seven-headed hydra bites you but does no damage.
The seven-headed hydra bites you. The seven-headed hydra bites you! x2
* * * LOW HITPOINT WARNING * * *
The seven-headed hydra bites you.
* * * LOW HITPOINT WARNING * * *
The seven-headed hydra bites you.
* * * LOW HITPOINT WARNING * * *
The seven-headed hydra barely misses you.
Daniel Ducassi hits the seven-headed hydra with a +0 dagger of draining!
Daniel Ducassi drains the seven-headed hydra.
Spoiler Alert: The seven-headed hydra (drained) can hit for high damage in melee!
Unknown command.
Spoiler Alert: The seven-headed hydra (drained) can hit for high damage in melee!
Unknown command.
Spoiler Alert: The seven-headed hydra (drained) can hit for high damage in melee!
Okay, then.
Spoiler Alert: The seven-headed hydra (drained) can hit for high damage in melee!
Okay, then.
Spoiler Alert: The seven-headed hydra (drained) can hit for high damage in melee!
The seven-headed hydra barely misses Daniel Ducassi. x2
The seven-headed hydra completely misses Daniel Ducassi.
The seven-headed hydra bites Daniel Ducassi!
The seven-headed hydra bites Daniel Ducassi but does no damage.
The seven-headed hydra barely misses Daniel Ducassi. x2
Daniel Ducassi hits the seven-headed hydra with a +0 dagger of draining.
Daniel Ducassi drains the seven-headed hydra.
Spoiler Alert: The seven-headed hydra (drained) can hit for high damage in melee!
You feel much better.
The seven-headed hydra bites Daniel Ducassi.
The seven-headed hydra barely misses Daniel Ducassi.
The seven-headed hydra bites Daniel Ducassi!
The seven-headed hydra bites Daniel Ducassi. x2
The seven-headed hydra bites Daniel Ducassi but does no damage.
The seven-headed hydra closely misses Daniel Ducassi.
Daniel Ducassi completely misses the seven-headed hydra.
Spoiler Alert: The seven-headed hydra (drained) can hit for high damage in melee!
You are confused.
You feel invigorated.
The seven-headed hydra misses Daniel Ducassi.
The seven-headed hydra bites Daniel Ducassi!
Daniel Ducassi is destroyed!
Spoiler Alert: The seven-headed hydra (drained) can hit for high damage in melee!
Spoiler Alert: The seven-headed hydra (drained) can hit for high damage in melee!
You bump into the rock wall.
The seven-headed hydra bites you! x2
The seven-headed hydra bites you. x2; The seven-headed hydra bites you!
* * * LOW HITPOINT WARNING * * *
The seven-headed hydra closely misses you.
The seven-headed hydra barely misses you.
Spoiler Alert: The seven-headed hydra (drained) can hit for high damage in melee!
You hack one of the seven-headed hydra's heads off!
The flame cauterises the wound!
You hit the six-headed hydra. You burn the six-headed hydra.
The six-headed hydra closely misses you.
The six-headed hydra bites you.
* * * LOW HITPOINT WARNING * * *
The six-headed hydra bites you!
* * * LOW HITPOINT WARNING * * *
The six-headed hydra bites you but does no damage. x2
The six-headed hydra bites you!
* * * LOW HITPOINT WARNING * * *
The six-headed hydra bites you but does no damage.
The six-headed hydra bites you!
You die...

##.D.....# #........#
###'#P###.# #..### # ###
#.. ##...# ..#... #....##
#....##### # ###.#...#
.+#.##.#P##.## #.###.#+##
#>........##.# #@D>.[...##
..........+..# #.........#
#............###.........#
..........#...#.........##
#..............#........#
..........###.P.........#
..........# #..+........#
..........###.##.........#
...........####..........P#


You could see a six-headed hydra (drained).

Vanquished Creatures
  A cyclops (D:7)
  A black mamba (Lair:2)
  2 cane toads (Lair:1)
  A komodo dragon (D:8)
  Grinder (D:3)
  5 blink frogs (Lair:1)
  Sigmund (D:5)
  2 wyverns
  12 yaks
  A water moccasin (Lair:1)
  4 orc warriors
  A sky beast (D:6)
  3 phantoms
  A black bear (D:7)
  A centaur (D:5)
  6 wolves
  4 ogres
  6 bullfrogs
  A big kobold (Sewer)
  A gnoll sergeant (D:5)
  3 scorpions
  A water moccasin skeleton (D:4)
  4 killer bees (D:7)
  A howler monkey (D:7)
  A crimson imp (D:6)
  A quasit (D:6)
  A centaur zombie (D:7)
  A bullfrog skeleton (D:7)
  4 centaur skeletons
  4 hounds
  4 orc priests
  5 orc wizards
  A hell rat (Lair:2)
  3 iguanas
  5 worker ants
  A worker ant zombie (D:7)
  5 adders
  4 gnolls (D:5)
  A howler monkey skeleton (D:7)
  3 river rats (Sewer)
  A shadow imp (D:5)
  A white imp (D:8)
  An ufetubus (D:7)
  2 oozes (D:3)
  2 adder skeletons
  3 worms (D:2)
  A dart slug (D:1)
  10 leopard geckos
  32 orcs
  A ball python (D:2)
  7 giant cockroaches
  6 goblins
  5 hobgoblins
  11 jackals
  11 kobolds
  A quokka (D:3)
  7 bats
  5 frilled lizards
  2 quokka skeletons
  6 rats
223 creatures vanquished.

Vanquished Creatures (collateral kills)
  A black mamba (Lair:1)
  A yak (Lair:1)
  A water moccasin (Lair:1)
  An orc warrior (D:7)
  A phantom (D:8)
  A scorpion (D:8)
  A wight (D:7)
  A worker ant (D:7)
  2 hound zombies
  An adder (D:8)
  A white imp (D:7)
  A leopard gecko (D:8)
  4 orcs
17 creatures vanquished.

Vanquished Creatures (others)
  3 hexers
  3 ancestors (D:7)
  3 fungi
  39 plants
48 creatures vanquished.

Grand Total: 288 creatures vanquished

Notes
Turn   | Place    | Note
-------+----------+-------------------------------------------
     0 | D:1      | jackrogers the Troll Hunter began the quest for the Orb.
     0 | D:1      | Reached XP level 1. HP: 19/19 MP: 0/0
    52 | D:1      | Reached skill level 1 in Unarmed Combat
    59 | D:1      | Reached XP level 2. HP: 27/27 MP: 1/1
   152 | D:1      | Reached skill level 2 in Unarmed Combat
   522 | D:2      | Reached XP level 3. HP: 33/33 MP: 2/2
   565 | D:2      | Reached skill level 3 in Unarmed Combat
   796 | D:2      | Found a bloodstained altar of Trog.
   990 | D:3      | Reached XP level 4. HP: 41/41 MP: 3/3
   994 | D:3      | Reached skill level 4 in Unarmed Combat
  1184 | D:3      | Found a shimmering altar of Xom.
  1185 | D:3      | Found a shimmering altar of Xom.
  1231 | D:3      | Found a shimmering altar of Xom.
  1231 | D:3      | Found a shimmering altar of Xom.
  1231 | D:3      | Found a shimmering altar of Xom.
  1233 | D:3      | Found a shimmering altar of Xom.
  1303 | D:3      | Noticed Grinder
  1313 | D:3      | Killed Grinder
  1314 | D:3      | Reached skill level 6 in Unarmed Combat
  1314 | D:3      | Reached XP level 5. HP: 39/48 MP: 4/4
  1314 | D:3      | Reached XP level 6. HP: 45/55 MP: 5/5
  1986 | D:4      | Found Usouscho's General Store.
  2024 | D:4      | Found Hupanniu's Assorted Antiques.
  2024 | D:4      | Found Tasail's Assorted Antiques.
  2243 | D:4      | Found Zuycziyn's Gadget Boutique.
  2321 | D:4      | Reached skill level 7 in Unarmed Combat
  2332 | D:4      | Reached XP level 7. HP: 34/62 MP: 6/6
  2662 | D:5      | Entered Level 5 of the Dungeon
  2714 | D:5      | Reached skill level 8 in Unarmed Combat
  2786 | D:5      | Noticed Sigmund
  2796 | D:5      | Killed Sigmund
  2836 | D:5      | Reached skill level 9 in Unarmed Combat
  2898 | D:5      | Found a sparkling altar of Nemelex Xobeh.
  2972 | D:5      | Reached XP level 8. HP: 66/70 MP: 7/7
  3108 | D:5      | Found a white marble altar of Elyvilon.
  3162 | D:5      | Found an ornate altar of the Wu Jian Council.
  3162 | D:5      | Found a faded altar of an unknown god.
  3167 | D:5      | Found a shadowy altar of Dithmenos.
  3169 | D:5      | Found a faded altar of an unknown god.
  3170 | D:5      | Found a shimmering blue altar of Sif Muna.
  3230 | D:5      | Found a radiant altar of Vehumet.
  3456 | D:6      | Got a clouded jade ring
  3457 | D:6      | Identified the ring "Raib" {rN+ Will+ Int+7} (You found it
                  | on level 6 of the Dungeon)
  3564 | D:6      | Reached skill level 10 in Unarmed Combat
  3750 | D:6      | Found a glowing drain.
  3755 | Sewer    | Entered a sewer
  3876 | Sewer    | Found a white marble altar of Elyvilon.
  3968 | D:6      | Found a staircase to the Ecumenical Temple.
  3975 | Temple   | Entered the Ecumenical Temple
  4028 | Temple   | Became a worshipper of Hepliaklqana the Forgotten
  4272 | D:6      | Reached skill level 11 in Unarmed Combat
  4317 | D:6      | Found a burning altar of Makhleb.
  4317 | D:6      | Found a shimmering altar of Xom.
  4788 | D:7      | Reached XP level 9. HP: 56/68 MP: 8/8
  4878 | D:7      | Noticed a cyclops
  4927 | D:7      | Reached skill level 12 in Unarmed Combat
  5201 | D:7      | Found a sacrificial altar of Ru.
  5291 | D:7      | Found a basalt altar of Yredelemnul.
  5317 | D:7      | Reached * piety under Hepliaklqana
  5505 | D:7      | Found Zotofiel's Book Shoppe.
  5523 | D:7      | Found Pitiageb's Weapon Emporium.
  5542 | D:7      | Found Qurecy Ciwke's Antique Weapon Shoppe.
  5658 | D:7      | Found Agocvyn's Gadget Emporium.
  5858 | D:7      | Killed a cyclops
  5859 | D:7      | Reached skill level 13 in Unarmed Combat
  6068 | D:7      | Got a faintly glowing granite ring
  6076 | D:7      | Found a runed translucent door.
  6171 | D:7      | Got a crude long sword
  6171 | D:7      | Identified the cursed +1 long sword of Ragnarok {antimagic,
                  | Int+3} (You found it on level 7 of the Dungeon)
  6379 | D:8      | Found a glowing golden altar of the Shining One.
  6448 | D:8      | Reached XP level 10. HP: 76/76 MP: 9/9
  6522 | D:8      | Reached skill level 14 in Unarmed Combat
  6584 | D:8      | Found a shimmering altar of Xom.
  6674 | D:8      | Reached ** piety under Hepliaklqana
  6726 | D:8      | Remembered your ancestor Daniel Ducassi as a hexer
  6919 | D:8      | Found a staircase to the Lair.
  7290 | D:10     | Entered Level 10 of the Dungeon
  7329 | Lair:1   | Entered Level 1 of the Lair of Beasts
  7499 | Lair:1   | Reached skill level 2 in Fighting
  7499 | Lair:1   | Reached skill level 1 in Shields
  7508 | Lair:1   | Noticed a six-headed hydra
  7754 | Lair:1   | Noticed a cane toad
  7761 | Lair:1   | Killed a cane toad
  7793 | Lair:1   | Reached skill level 2 in Shields
  7818 | Lair:1   | Noticed a cane toad
  7825 | Lair:1   | Killed a cane toad
  7826 | Lair:1   | Reached skill level 3 in Fighting
  7826 | Lair:1   | Noticed a black mamba
  7832 | Lair:1   | Killed a black mamba
  7903 | Lair:1   | Reached skill level 15 in Unarmed Combat
  8012 | Lair:1   | Reached skill level 3 in Shields
  8021 | Lair:1   | Reached XP level 11. HP: 68/88 MP: 10/10
  8499 | Lair:2   | Reached skill level 4 in Fighting
  8523 | Lair:2   | Reached *** piety under Hepliaklqana
  8549 | Lair:2   | Noticed an eight-headed hydra
  8554 | Lair:2   | HP: 22/90 [nine-headed hydra (11)]
  8568 | Lair:3   | HP: 33/135 [wolf (4)]
  8573 | Lair:3   | HP: 27/135 [wolf (4)]
  8579 | Lair:3   | HP: 33/135 [wolf (7)]
  8755 | Lair:2   | HP: 22/90 [seven-headed hydra (7)]
  8760 | Lair:2   | HP: 21/90 [seven-headed hydra (7)]
  8761 | Lair:2   | HP: 7/90 [six-headed hydra (8)]
  8761 | Lair:2   | Slain by a six-headed hydra

Illustrated notes

Levels and vault maps discovered:
D:1:      dpeg_arrival_refuge, layout_rooms
D:2:      layout_rooms, nicolae_overflow_crystal_walls
D:3:      layout_loops_cross, xom_redecorated, uniq_grinder
D:4:      layout_loops_ring, nicolae_overflow_hidden_temple, serial_shops, shop,
          shop, shop_coins, nicolae_shop_window_shopping
D:5:      layout_basic, vehumet_crystals, kennysheep_mini_moat,
          chequers_temple_overflow_minitemple, lemuel_coloured_pillars_altar,
          small_statue_intersection, uniq_sigmund
D:6:      layout_loops_corners, grunt_temple_overflow_champion_of_chaos,
          minmay_temple_entry_arrows, gup_sewer_entry_bowl,
          chequers_serial_rivers_micro_e
D:7:      minmay_the_grid_triangle_9x9_recursive_2
          [minmay_the_grid_triangle_9x9_prize_insulated,
          minmay_the_grid_triangle_9x9_subtriangle,
          minmay_the_grid_triangle_9x9_sprig,
          minmay_the_grid_triangle_9x9_zippers_vertical], layout_gridville,
          lemuel_round_altar, kennysheep_little_box, serial_shops, shop, shop,
          shop_statue, shop_fountains
D:8:      layout_cave_pods, old_standard_altar, david_lair_shrubbed,
          basic_altar, minivault_1
D:9:      layout_roguey, lemuel_doored_altar
D:10:     layout_roguey, uniq_snorg
Temple:   corrupted_temple
Lair:1:   layout_roguey, serial_bayou_shore_b, grunt_megastairs_1,
          infiniplex_staircase_pool_2
Lair:2:   layout_roguey, minmay_shoals_entry_lonely_mermaid,
          gauntlet_entry_generic, st_stairs_12
Lair:3:   layout_misc_corridors, dummy_spider_entry, amcnicky_altar_gilded

Skill      XL: |  1  2  3  4  5  6  7  8  9 10 11 |
---------------+----------------------------------+-----
Unarmed Combat | 1 2 3 6 7 9 11 13 15 | 15.4
Fighting       | 3 4 |  4.2
Shields        | 3 |  3.7
Throwing       | |  3.6
Dodging        | |  1.5
Stealth        | |  0.3

Action                   |  1- 3 |  4- 6 |  7- 9 | 10-12 || total
-------------------------+-------+-------+-------+-------++-------
Melee: Unarmed           |    81 |    76 |   270 |   127 ||   554
       Punch             |       |     1 |    14 |    14 ||    29
       Long sword        |       |       |     3 |       ||     3
       War axe           |       |       |       |    17 ||    17
Throw: Large rock        |     5 |       |       |       ||     5
       Stone             |    81 |    88 |    77 |     2 ||   248
Invok: Recall Ancestor   |       |       |     2 |     1 ||     3
       Ancestor Identity |       |       |     1 |     1 ||     2
       Ancestor Life: He |       |       |       |     1 ||     1
  Use: Scroll            |     2 |     5 |    12 |     2 ||    21
       Potion            |       |       |     1 |     8 ||     9
 Stab: Distracted        |       |       |     1 |     1 ||     2
       Invisible         |       |       |     1 |       ||     1
       Confused          |       |       |       |     2 ||     2
Armor: Robe              |    33 |    23 |    72 |    50 ||   178
       Skin              |       |       |       |    63 ||    63
Dodge: Dodged            |    49 |    38 |   114 |    62 ||   263
       Rpst.: Long sword |       |       |     1 |       ||     1

Table legend: (Time is in decaauts)
 A = Elapsed time spent in this place.
 B = Non-inter-level travel time spent in this place.
 C = Inter-level travel time spent in this place.
 D = Time resting spent in this place.
 E = Time spent auto-exploring this place.
 F = Levels seen in this place.
 G = Mean time per level.
                   A        B        C        D        E       F      G
               +--------+--------+--------+--------+--------+-----+--------+
         Total |   8690 |   8320 |    370 |    843 |   5468 |  15 |  579.3 |
       Dungeon |   7010 |   6693 |    317 |    475 |   4567 |  10 |  701.0 |
        Temple |     70 |     54 |     16 |      0 |      0 |   1 |   70.0 |
          Lair |   1422 |   1385 |     37 |    368 |    764 |   3 |  474.0 |
         Sewer |    186 |    186 |      0 |      0 |    136 |   1 |  186.0 |
               +--------+--------+--------+--------+--------+-----+--------+

Top non-repeatable levels by time:
     D:7: 1489 daAuts
     D:6: 1134 daAuts
  Lair:1: 1068 daAuts
     D:8: 1046 daAuts
     D:3: 890 daAuts
     D:4: 772 daAuts
     D:5: 683 daAuts
     D:2: 511 daAuts
     D:1: 465 daAuts
  Lair:3: 194 daAuts
   Sewer: 186 daAuts
  Lair:2: 159 daAuts
  Temple: 70 daAuts
     D:9: 15 daAuts
    D:10: 1 daAuts

Table legend:
 A = Kills in this place as a percentage of kills in entire the game.
 B = Kills by you in this place as a percentage of kills by you in the entire game.
 C = Kills by friends in this place as a percentage of kills by friends in the entire game.
 D = Other kills in this place as a percentage of other kills in the entire game.
 E = Experience gained in this place as a percentage of experience gained in the entire game.
 F = Experience gained in this place divided by the number of levels of this place that you have seen.
                   A       B       C       D       E      F
               +-------+-------+-------+-------+-------+----------------------
         Total | 100.0 | 100.0 | 100.0 |   N/A | 100.0 | 914.7
       Dungeon |  82.1 |  82.1 |  82.4 |   N/A |  48.9 | 670.8
          Lair |  13.8 |  13.5 |  17.6 |   N/A |  50.1 | 2290.7
         Sewer |   4.2 |   4.5 |   0.0 |   N/A |   1.0 | 141.0
               +-------+-------+-------+-------+-------+----------------------
